 Dungeon Crawl Stone Soup version 0.23.2-1-ga50397a6bc (webtiles) character file.

Game seed: 943675637625023671

71325 Masnef the Ripper (level 14, 0/71 HPs)
             Began as a Felid Berserker on May 17, 2019.
             Was a High Priest of Trog.
             Shot with a bolt by a naga sharpshooter (30 damage)
             ... on level 2 of the Snake Pit.
             The game lasted 03:15:39 (48135 turns).

Masnef the Ripper (Felid Berserker)                Turns: 48135, Time: 03:15:39

Health: 0/71       AC:  8    Str: 18    XL:     14   Next: 97%
Magic:  0/21       EV: 38    Int:  9    God:    Trog [*****.]
Gold:   909        SH:  0    Dex: 22    Spells: 13/13 levels left
                                        Lives:  0   Deaths: 3

rFire    . . .     SeeInvis +     - Unarmed
rCold    + . .     Gourm    .   (shield unavailable)
rNeg     . . .     Faith    .   (armour unavailable)
rPois    +         Spirit   +   (helmet unavailable)
rElec    .         Reflect  .   (cloak unavailable)
rCorr    .         Harm     .   (gloves unavailable)
MR       ++++.                  (boots unavailable)
Stlth    ++++++++..             y - amulet of guardian spirit
HPRegen  1.21/turn              u - ring of poison resistance
MPRegen  0.17/turn              K - +5 ring of protection

@: agile, very slightly contaminated, regenerating, invisible, quick
A: very small, no armour, no weapons or thrown items, stealth, claws 1, fangs 3,
see invisible, carnivore, speed 1, shaggy fur 3, slow metabolism 1, sharp paws
a: Berserk, Trog's Hand, Brothers in Arms, Renounce Religion


You were on level 2 of the Snake Pit.
You worshipped Trog.
Trog was extremely pleased with you.
You were not hungry.

You visited 7 branches of the dungeon, and saw 28 of its levels.
You visited 1 bazaar.
You also visited: Sewer, Ice Cave and Volcano.

You collected 2702 gold pieces.
You spent 1793 gold pieces at shops.

Inventory:

Jewellery
 c - an uncursed ring of flight
 l - an uncursed ring of protection from magic
 m - an uncursed ring of ice
 s - an uncursed ring of resist corrosion
 u - a ring of poison resistance (left paw)
 v - an uncursed amulet of faith
 y - an amulet of guardian spirit (around neck)
 A - a +4 ring of protection
 D - an uncursed ring of magical power
 I - an uncursed ring of positive energy
 J - an uncursed ring of protection from fire
 K - a +5 ring of protection (right paw)
 L - an uncursed ring of wizardry
 M - a +3 amulet of reflection
Wands
 b - a wand of acid (28)
 j - a wand of scattershot (7)
 k - a wand of flame (46)
 t - a wand of digging (21)
 B - a wand of iceblast (11)
 E - a wand of paralysis (30)
 N - a wand of polymorph (15)
 S - a wand of random effects (17)
Scrolls
 h - 13 scrolls of remove curse
 p - 3 scrolls of magic mapping
 w - 10 scrolls of teleportation
 O - a scroll of fog
 Q - 2 scrolls of identify
 T - a scroll of brand weapon {unknown}
Potions
 d - a potion of ambrosia
 e - 5 potions of cancellation
 f - 5 potions of mutation
 g - 4 potions of flight
 i - 4 potions of heal wounds
 n - 5 potions of magic
 o - 6 potions of curing
 q - 3 potions of agility
 r - 3 potions of berserk rage
 C - 5 potions of might
 F - 5 potions of resistance
 G - 2 potions of lignification
 H - 3 potions of brilliance
Miscellaneous
 x - 2 sacks of spiders
 z - a fan of gales
Comestibles
 a - 60 rations


   Skills:
 * Level 13.7 Fighting
 + Level 14.4 Dodging
 - Level 17.3 Stealth
 + Level 19.5 Unarmed Combat
 - Level 8.0 Evocations


You had 13 spell levels left.
You didn't know any spells.
Your spell library was empty.

Dungeon Overview and Level Annotations

Branches:
Dungeon (15/15)            Temple (0/1) D:6            Lair (6/6) D:11
 Shoals (1/4) Lair:4        Snake (2/4) Lair:3        Slime (0/5) Lair:5
    Orc (2/2) D:11            Elf (1/3) Orc:2        Vaults (0/5) D:13
 Depths (1/5) D:15

Altars:
Fedhas
Ru
Trog
Xom

Shops:
D:4 %   D:9 *   Orc:2 (*?![

Annotations:
D:5 2 transporters, NochnoyZador's ghost, novice GrFi
D:6 exclusion: rust devil
Lair:6 2 transporters, H0rd4k's ghost, journeyman HuAr


Innate Abilities, Weirdness & Mutations

You cannot wear armour.
You are incapable of wielding weapons or throwing items.
Your paws allow you to move quietly. (Stealth)
You have sharp claws.
You have razor-sharp teeth.
You have supernaturally acute eyesight. (SInv)
You are carnivorous and can eat meat at any time.
You cover ground quickly.
Your thick and shaggy fur keeps you warm. (AC +3, rC+)
You have a slow metabolism.
Your sharp claws are effective at attacking unaware monsters.


Message History

The bolt hits you!!
* * * LOW HITPOINT WARNING * * *
The black mamba closely misses you. The mana viper completely misses you.
The naga warrior misses you.
The naga warrior hits your iron troll with a +0 halberd!!
* * * LOW HITPOINT WARNING * * *
The naga warrior constricts you.
Okay, then.
You feel much better. The black mamba completely misses you.
The guardian serpent weaves intricate patterns with the tip of its tongue.
The naga misses you.
Your iron troll bites the naga warrior!!
Your iron troll claws the naga warrior!!
The naga warrior dies!
Trog accepts your kill. The naga mage completely misses you.
The mana viper completely misses you.
The naga sharpshooter gestures wildly while chanting.
The naga sharpshooter magically shoots a bolt.
The bolt hits you!!
You die...

##!###.##....,,......# #.........
..<(........#*,......# #.........
##..........#**......###...###...
#.......(..# *#.............#...
#..#####...#* *#...,#...##..##..
#..# #......# #..#*#...##..##..
#..#*#......# #..# #)..##......
#...,.......####S.# #...##......
*#...,.......##S@NT###...##......
,,...,......NNNNS)...)...##......
**#.#*#.....NNNNNN.............##
#.# #......####N.##.##.##.##.##
###.#####...####[......#.##.#....
#............##....÷)..#.##.#....
.............##..........##.#....
...##.###....##..÷.......##N#....
...##.# #........................


You could see a naga warrior, 3 naga sharpshooters, a mana viper, a guardian
serpent, a black mamba, a naga mage, 7 nagas and a friendly iron troll
(berserk).

Vanquished Creatures
  Jorgrun (D:12)
  Frances (D:12)
  Kirke (D:12)
  A nagaraja (Snake:1)
  2 orc warlords (Orc:2)
  2 dire elephants (Lair:6)
  An ettin (Orc:1)
  A merfolk impaler (Shoals:1)
  A fire dragon (Volcano)
  Fannar (D:10)
  11 naga warriors
  A vault guard (D:13)
  2 death knights (D:13)
  5 hydras
  6 anacondas
  3 centaur warriors
  A merfolk aquamancer (Shoals:1)
  7 two-headed ogres
  3 tengu warriors
  5 orc high priests
  Urug (Lair:3)
  3 naga sharpshooters (Snake:1)
  4 shock serpents
  A deep elf knight (D:14)
  A sea snake (Shoals:1)
  A glowing orange brain (D:15)
  An unseen horror (D:11)
  A wizard (D:13)
  2 naga ritualists
  Pikel (D:6)
  3 necromancers
  A deep elf archer (D:14)
  3 mana vipers
  7 orc knights
  4 ugly things
  An orc sorcerer (Orc:2)
  A cyclops (shapeshifter) (D:15)
  An oklob plant (D:12)
  2 wolf spider zombies
  3 deep elf magi (D:14)
  2 cyclopes
  8 salamanders
  3 merfolk sirens
  A manticore (D:15)
  15 elephants
  Maurice (Orc:1)
  4 guardian serpents
  A guardian serpent (shapeshifter) (D:15)
  21 black mambas
  8 naga magi
  8 spiny frogs
  3 kobold demonologists (D:15)
  3 freezing wraiths
  2 yaktaurs (D:15)
  An efreet (D:13)
  3 rime drakes
  7 komodo dragons
  A merfolk (Lair:4)
  3 tengu conjurers
  9 trolls
  5 polar bears
  A wind drake (Shoals:1)
  5 hornets
  Grinder (D:6)
  3 slime creatures (D:15)
  10 dream sheep
  7 blink frogs
  8 hippogriffs
  A centaur simulacrum (D:15)
  3 shadows
  2 water elementals (Shoals:1)
  8 wyverns
  A hog (D:11)
  2 wraiths (D:13)
  A wyvern (shapeshifter) (D:15)
  Eustachio (D:4)
  5 basilisks
  20 humans (D:13)
  29 yaks
  A fire elemental (Elf:1)
  2 hungry ghosts (D:9)
  6 fire bats (Volcano)
  4 steam dragons
  11 wargs
  26 nagas
  An acid dragon (D:11)
  Edmund (D:4)
  18 water moccasins
  40 orc warriors
  10 porcupines
  Purgy (Sewer)
  2 black bears (D:11)
  12 ice beasts
  3 sky beasts
  3 elephant zombies (Lair:3)
  A black bear (shapeshifter) (D:15)
  6 phantoms
  3 centaurs
  13 wolves
  18 ogres
  20 crocodiles
  8 big kobolds
  15 bullfrogs
  A wyvern zombie (D:14)
  3 scorpions
  A water moccasin skeleton (D:9)
  16 wights
  3 howler monkeys (D:7)
  5 electric eels
  4 centaur zombies
  8 crimson imps
  A quasit (D:14)
  5 bullfrog zombies
  9 hounds
  2 centaur skeletons
  A bullfrog skeleton (D:11)
  33 orc priests
  8 jellies
  34 orc wizards
  5 iguanas
  15 worker ants
  3 yak simulacra (D:11)
  Ijyb (D:4)
  6 wolf simulacra (D:11)
  A crocodile zombie (Lair:3)
  2 hound zombies
  A hound skeleton (D:8)
  2 worker ant zombies
  A gnoll (D:1)
  A howler monkey skeleton (D:10)
  14 adders
  4 shadow imps
  2 oozes
  An adder zombie (D:7)
  An adder skeleton (D:5)
  3 worms
  2 dart slugs (D:1)
  8 leopard geckos
  75 orcs
  11 bats
  9 giant cockroaches
  4 goblins
  11 hobgoblins
  8 jackals
  5 quokkas
  4 ball pythons
  10 frilled lizards
  25 kobolds
  3 leopard gecko skeletons
  A quokka skeleton (D:5)
  12 rats
  2 river rat simulacra (D:11)
  A fungus (Lair:2)
  5 plants (Lair:6)
933 creatures vanquished.

Vanquished Creatures (collateral kills)
  Azrael (D:14)
  A naga warrior (Snake:2)
  A hydra (Lair:3)
  A two-headed ogre (D:8)
  A salamander mystic (Snake:1)
  A mana viper (shapeshifter) (D:15)
  An ugly thing (D:6)
  A guardian serpent (Snake:2)
  A naga mage (Snake:1)
  A spiny frog (Lair:3)
  A gargoyle (D:6)
  2 trolls
  2 blink frogs (Lair:3)
  A dream sheep (Lair:5)
  A snapping turtle (Shoals:1)
  2 fire elementals (D:14)
  3 nagas
  3 hell hounds (D:14)
  3 orc warriors
  An orc priest (Orc:2)
  An orc wizard (Orc:2)
  An orc (Orc:1)
31 creatures vanquished.

Vanquished Creatures (others)
  A warg (Orc:1)
  A slave (D:6)
  54 fungi
  22 plants
78 creatures vanquished.

Grand Total: 1042 creatures vanquished

Notes
Turn   | Place    | Note
-------+----------+-------------------------------------------
     0 | D:1      | Masnef the Felid Berserker began the quest for the Orb.
     0 | D:1      | Reached XP level 1. HP: 10/10 MP: 2/2
   125 | D:1      | Reached skill level 1 in Stealth
   125 | D:1      | Reached XP level 2. HP: 14/14 MP: 3/3
   605 | D:1      | Reached XP level 3. HP: 17/17 MP: 4/4
   705 | D:1      | Reached ** piety under Trog
  1560 | D:2      | Found a shimmering altar of Xom.
  1611 | D:2      | Reached XP level 4. HP: 21/21 MP: 5/5
  1735 | D:2      | Reached skill level 4 in Unarmed Combat
  1881 | D:2      | Reached XP level 5. HP: 24/24 MP: 6/6
  2357 | D:3      | Reached *** piety under Trog
  2652 | D:3      | Found a bloodstained altar of Trog.
  2709 | D:3      | Reached skill level 5 in Dodging
  2996 | D:4      | Noticed Ijyb
  3016 | D:4      | Killed Ijyb
  3016 | D:4      | Gained mutation: You are covered in thick fur. (AC +2)
                  | [Felid growth]
  3016 | D:4      | Reached XP level 6. HP: 28/28 MP: 7/7
  3077 | D:4      | Reached skill level 1 in Evocations
  3084 | D:4      | Reached skill level 5 in Stealth
  3210 | D:4      | Reached skill level 5 in Unarmed Combat
  3377 | D:4      | Noticed Edmund
  3396 | D:4      | Reached XP level 7. HP: 32/32 MP: 9/9
  3405 | D:4      | Noticed Eustachio
  3438 | D:4      | Killed Edmund
  3446 | D:4      | Killed Eustachio
  3594 | D:4      | Found a glowing drain.
  3598 | Sewer    | Entered a sewer
  3659 | Sewer    | Noticed Purgy
  3690 | Sewer    | Killed Purgy
  3909 | D:4      | Found Zearpheikh's Food Emporium.
  4200 | D:5      | Entered Level 5 of the Dungeon
  4269 | D:5      | Reached **** piety under Trog
  4302 | D:5      | Reached skill level 6 in Unarmed Combat
  4302 | D:5      | Reached XP level 8. HP: 36/36 MP: 11/11
  4922 | D:5      | Found a transporter.
  4923 | D:5      | Found a transporter.
  4923 | D:5      | Identified the ring of Miripyre {Wiz MR+}
  5017 | D:5      | Noticed NochnoyZador's ghost (novice GrFi)
  5834 | D:6      | Reached skill level 5 in Fighting
  6491 | D:6      | Noticed an angel
  6689 | D:6      | Noticed a gargoyle
  6695 | D:6      | Noticed a cyan ugly thing
  6872 | D:6      | Reached skill level 7 in Unarmed Combat
  7141 | D:6      | Noticed Grinder
  7478 | D:6      | Killed a gargoyle
  7478 | D:6      | Reached XP level 9. HP: 41/41 MP: 12/12
  7729 | D:6      | Found a staircase to the Ecumenical Temple.
  7883 | D:6      | Noticed a rust devil
  8049 | D:6      | Killed Grinder
  8173 | D:6      | Killed a cyan ugly thing
  8334 | D:6      | Slain by a centaur
  8335 | D:6      | Reached XP level 8. HP: -3/57 MP: 11/11
  8627 | D:6      | Reached skill level 8 in Unarmed Combat
  8830 | D:6      | Noticed Pikel
  8845 | D:6      | Killed Pikel
  8845 | D:6      | Reached skill level 10 in Stealth
  8974 | D:6      | Reached XP level 9. HP: 37/42 MP: 12/12
  9615 | D:7      | Reached skill level 9 in Unarmed Combat
 11069 | D:8      | Reached ***** piety under Trog
 11476 | D:8      | Noticed a two-headed ogre
 11500 | D:8      | Killed a two-headed ogre
 11692 | D:9      | Reached XP level 10. HP: 47/47 MP: 13/13
 11699 | D:9      | Noticed a two-headed ogre
 11761 | D:8      | Killed a two-headed ogre
 11761 | D:8      | Reached skill level 10 in Unarmed Combat
 12020 | D:9      | Found Weasuam's General Store.
 12432 | D:9      | Noticed a three-headed hydra
 12438 | D:9      | Killed a three-headed hydra
 12528 | D:9      | Found a blossoming altar of Fedhas.
 12578 | D:10     | Entered Level 10 of the Dungeon
 12692 | D:10     | Noticed Fannar
 12695 | D:10     | Killed Fannar
 12695 | D:10     | Reached skill level 11 in Unarmed Combat
 12802 | D:10     | Reached XP level 11. HP: 51/51 MP: 14/14
 13226 | D:10     | Noticed a two-headed ogre
 13229 | D:10     | Killed a two-headed ogre
 13926 | D:11     | Noticed a white ugly thing
 13975 | D:11     | Killed a white ugly thing
 14111 | D:11     | Noticed an unseen horror
 14763 | D:11     | Found a staircase to the Lair.
 15078 | D:11     | Found a staircase to the Orcish Mines.
 15227 | D:11     | Reached skill level 12 in Unarmed Combat
 15500 | D:11     | Killed an unseen horror
 15543 | D:11     | Noticed a necromancer
 15601 | D:11     | Killed a necromancer
 16085 | D:12     | Noticed a two-headed ogre
 16215 | D:12     | Found a flickering gateway to a bazaar.
 16221 | Bazaar   | Entered a bazaar
 16225 | Bazaar   | Found Todit Rye's Jewellery Boutique.
 16243 | Bazaar   | Found Jutteot's Antique Weapon Emporium.
 16260 | Bazaar   | Found Fynli's Book Boutique.
 16277 | Bazaar   | Found Suinewif's Antique Armour Shoppe.
 16300 | Bazaar   | Bought a +4 ring of protection for 360 gold pieces
 16413 | D:12     | Noticed Jorgrun
 16436 | Lair:1   | Entered Level 1 of the Lair of Beasts
 16802 | Lair:1   | Gained mutation: Your thick and shaggy fur keeps you warm.
                  | (AC +3, rC+) [Felid growth]
 16802 | Lair:1   | Reached XP level 12. HP: 38/57 MP: 15/15
 18506 | Lair:2   | Reached skill level 13 in Unarmed Combat
 18511 | Lair:2   | Reached skill level 10 in Dodging
 18603 | Lair:2   | Noticed a seven-headed hydra
 18613 | Lair:2   | Killed a seven-headed hydra
 18699 | Lair:2   | Reached skill level 5 in Evocations
 19100 | Lair:2   | Reached ****** piety under Trog
 19170 | Lair:2   | Reached skill level 10 in Fighting
 19806 | Lair:3   | Found a staircase to the Snake Pit.
 20273 | Lair:3   | Noticed Urug
 20291 | Lair:3   | Killed Urug
 20291 | Lair:3   | Reached skill level 14 in Unarmed Combat
 20423 | Lair:3   | Noticed a four-headed hydra
 20439 | Lair:3   | Killed a four-headed hydra
 21254 | Lair:4   | Reached XP level 13. HP: 62/62 MP: 17/17
 22049 | Lair:4   | Found a staircase to the Shoals.
 22299 | Lair:5   | Found a staircase to the Slime Pits.
 23055 | Lair:5   | Reached skill level 15 in Unarmed Combat
 23938 | Lair:6   | Entered Level 6 of the Lair of Beasts
 24134 | Lair:6   | Found a transporter.
 24628 | Lair:6   | Reached skill level 15 in Stealth
 24647 | Lair:6   | Noticed H0rd4k's ghost (journeyman HuAr)
 25191 | Lair:6   | Found a transporter.
 25797 | Lair:6   | Noticed a dire elephant
 26107 | Lair:6   | Noticed a dire elephant
 26107 | Lair:6   | Noticed a dire elephant
 26213 | Lair:6   | Killed a dire elephant
 26217 | Lair:6   | Killed a dire elephant
 26529 | Orc:1    | Entered Level 1 of the Orcish Mines
 26727 | D:11     | Reached XP level 14. HP: 67/67 MP: 18/18
 26791 | Orc:1    | Found a dark tunnel.
 26804 | Volcano  | Entered a volcano
 26818 | Volcano  | Reached skill level 16 in Unarmed Combat
 27725 | Orc:1    | Found a bloodstained altar of Trog.
 28018 | Orc:2    | Entered Level 2 of the Orcish Mines
 28031 | Orc:1    | Noticed Maurice
 28052 | Orc:1    | Killed Maurice
 28232 | Orc:2    | Found a staircase to the Elven Halls.
 29337 | Orc:2    | Found Doysm's Antique Armour Boutique.
 30507 | Orc:2    | Noticed an orc warlord
 31079 | Orc:2    | Killed an orc warlord
 32003 | Orc:2    | Found Nuegh's Weapon Shop.
 32003 | Orc:2    | Found Kiasoar's Assorted Antiques.
 32004 | Orc:2    | Found Oddiugur's Distillery.
 32007 | Orc:2    | Found Fieloloc's Magic Scroll Boutique.
 32012 | Orc:2    | Bought a potion of heal wounds for 70 gold pieces
 32012 | Orc:2    | Bought a potion of heal wounds for 70 gold pieces
 32012 | Orc:2    | Bought 2 potions of heal wounds for 140 gold pieces
 32013 | Orc:2    | Bought a scroll of blinking for 97 gold pieces
 32013 | Orc:2    | Bought a scroll of identify for 26 gold pieces
 32013 | Orc:2    | Bought a scroll of identify for 26 gold pieces
 32013 | Orc:2    | Bought a scroll of fear for 45 gold pieces
 32256 | Orc:2    | Reached skill level 17 in Unarmed Combat
 32425 | Orc:2    | Noticed an orc warlord
 32576 | Orc:2    | Killed an orc warlord
 33210 | Orc:2    | Bought a scroll of teleportation for 87 gold pieces
 33210 | Orc:2    | Bought a scroll of identify for 58 gold pieces
 33219 | Orc:2    | Bought a scroll of fog for 26 gold pieces
 33221 | Orc:2    | Bought a potion of might for 56 gold pieces
 33221 | Orc:2    | Bought a potion of agility for 56 gold pieces
 33482 | D:12     | Noticed Frances
 34165 | D:12     | Found a bloodstained altar of Trog.
 34265 | D:12     | Noticed Kirke
 34365 | D:12     | Killed Kirke
 34472 | D:12     | Killed Jorgrun
 34472 | D:12     | Reached XP level 15. HP: 10/72 MP: 20/20
 34821 | D:12     | Killed Frances
 35197 | D:12     | Found a bloodstained altar of Trog.
 35469 | D:13     | Paralysed by a hornet for 3 turns
 37390 | D:13     | Found a gate to the Vaults.
 37494 | D:13     | Found a sacrificial altar of Ru.
 37663 | D:14     | Reached skill level 18 in Unarmed Combat
 37704 | D:14     | Found a gate leading to a gauntlet.
 37780 | D:14     | Noticed Azrael
 37800 | D:14     | Killed Azrael
 37820 | D:14     | Found a frozen archway.
 37831 | IceCv    | Entered an ice cave
 37832 | IceCv    | Found a transporter.
 38690 | D:15     | Entered Level 15 of the Dungeon
 39728 | D:15     | Found a bloodstained altar of Trog.
 40182 | D:15     | Found a staircase to the Depths.
 40613 | Depths:1 | Entered Level 1 of the Depths
 40613 | Depths:1 | Noticed a frost giant
 41226 | Snake:1  | Entered Level 1 of the Snake Pit
 41226 | Snake:1  | Noticed a nagaraja
 41229 | Snake:1  | Killed a nagaraja
 41645 | Shoals:1 | Entered Level 1 of the Shoals
 42005 | Elf:1    | Entered Level 1 of the Elven Halls
 42038 | Orc:2    | Bought a scroll of acquirement for 676 gold pieces
 42633 | Lair:3   | Reached XP level 16. HP: 71/78 MP: 20/22
 42672 | Lair:3   | HP: 1/117 [shock serpent/electric aura (7)]
 42673 | Lair:3   | Killed from afar by a shock serpent
 42674 | Lair:3   | Reached XP level 15. HP: -10/109 MP: 0/21
 45705 | Snake:1  | Found a shimmering altar of Xom.
 45778 | Snake:1  | Reached skill level 19 in Unarmed Combat
 46546 | Snake:2  | Slain by a shock serpent
 46547 | Snake:2  | Reached XP level 14. HP: -5/105 MP: 0/21
 48135 | Snake:2  | Shot with a bolt by a naga sharpshooter

Skill      XL: |  1  2  3  4  5  6  7  8  9 10 11 12 13 14 15 |
---------------+----------------------------------------------+-----
Stealth        | 1 3 4 5 6 10 11 12 14 15 16 17 | 17.3
Unarmed Combat | 4 5 6 8 9 11 12 14 15 17 19 | 19.5
Dodging        | 5 6 8 9 10 11 12 14 | 14.4
Evocations     | 1 2 3 5 8 |  8.0
Fighting       | 4 5 7 8 9 10 11 12 13 | 13.7

Action                   |  1- 3 |  4- 6 |  7- 9 | 10-12 | 13-15 | 16-18 || total
-------------------------+-------+-------+-------+-------+-------+-------++-------
Melee: Unarmed           |    87 |   123 |   339 |   469 |  1599 |     5 ||  2622
       Bite              |     7 |     6 |    29 |    61 |   180 |       ||   283
       Punch             |       |     2 |     6 |    37 |   142 |       ||   187
Invok: Berserk           |     3 |     5 |    29 |    38 |    85 |     1 ||   161
       Trog's Hand       |       |     1 |     1 |     1 |     4 |       ||     7
       Brothers in Arms  |       |       |     3 |     5 |    18 |       ||    26
 Abil: Evoke Flight      |       |       |     2 |     3 |     5 |       ||    10
Evoke: Wand              |       |       |     4 |     1 |    23 |       ||    28
       Sack of spiders   |       |       |       |       |     2 |       ||     2
  Use: Scroll            |     3 |     4 |    10 |     9 |    15 |       ||    41
       Potion            |       |       |     1 |     1 |    14 |       ||    16
 Stab: Sleeping          |     9 |    17 |    26 |    51 |    94 |       ||   197
       Distracted        |       |       |     6 |     5 |    16 |       ||    27
       Paralysed         |       |       |       |       |     2 |       ||     2
       Fleeing           |       |       |       |       |     1 |       ||     1
  Eat: Chunk             |    11 |     8 |    38 |    61 |   118 |       ||   236
       Ration            |       |       |       |       |     7 |       ||     7
Armor: Skin              |     1 |     7 |    11 |    16 |   108 |     1 ||   144
Dodge: Dodged            |    48 |    65 |   282 |   342 |  1351 |     3 ||  2091
Block: Other             |       |       |       |       |    86 |       ||    86
       Reflection        |       |       |       |       |     2 |       ||     2
